 Dungeon Crawl Stone Soup version 0.18-a0-1203-gbde16db (webtiles) character file.

2574 Kidiri the Magician (level 9, 0/49 HPs)
             Began as a Deep Elf Conjurer on Jan 31, 2016.
             Was a Follower of Sif Muna.
             Slain by a wyvern (14 damage)
             ... on level 8 of the Dungeon.
             The game lasted 00:32:59 (10464 turns).

Kidiri the Magician (Deep Elf Conjurer)            Turns: 10464, Time: 00:32:59

Health: 0/49       AC:  8    Str:  5    XL:     9   Next: 32%
Magic:  6/21       EV: 14    Int: 26    God:    Sif Muna [*.....]
Gold:   308        SH:  7    Dex: 15    Spells: 7 memorised, 3 levels left

rFire  + . .     SeeInvis +     q - staff of poison
rCold  . . .     Gourm    .     m - +0 leather armour
rNeg   . . .     Faith    .     d - +2 buckler
rPois  +         Spirit   .     (helmet restricted)
rElec  .         Dismiss  .     f - +2 cloak {+Inv}
rCorr  .         Reflect  .     w - +0 pair of gloves
SustAt .         Harm     .     z - +0 pair of boots
MR     .....                    (no amulet)
Stlth  +++.......               i - ring of wizardry
                                t - ring of see invisible

@: not resistant to hostile enchantments, fairly stealthy
A: antennae 1, talons 1, clever 1, fire resistance 1
a: Channel Energy, Renounce Religion, Evoke Invisibility


You were on level 8 of the Dungeon.
You worshipped Sif Muna.
Sif Muna was aware of your devotion.
You were not hungry.

You visited 1 branch of the dungeon, and saw 8 of its levels.

You collected 364 gold pieces.
You spent 56 gold pieces at shops.

Inventory:

Hand Weapons
 j - a +4 short sword of venom
Armour
 d - a +2 buckler (worn)
 f - a +2 cloak of invisibility (worn)
 m - a +0 leather armour (worn)
 w - a +0 pair of gloves (worn)
 z - a +0 pair of boots (worn)
Magical Staves
 q - an uncursed staff of poison (weapon)
Jewellery
 g - an uncursed ring of protection from magic
 i - a ring of wizardry (right hand)
 t - a ring of see invisible (left hand)
Wands
 a - a wand of random effects (16/48)
 D - a wand of lightning (9/15)
Scrolls
 n - a scroll of enchant weapon
 p - 3 scrolls of remove curse
 r - a scroll of fear
 v - a scroll of identify
 y - 2 scrolls of magic mapping
 C - a scroll of recharging
 F - 3 scrolls of teleportation
Potions
 e - a potion of agility
 h - 2 potions of curing
 k - a potion of cure mutation
 l - 2 potions of lignification
 o - 2 potions of mutation {unknown}
 A - 3 potions of haste
Books
 b - a book of Conjurations

   Spells                             Type                      Level
   a - Magic Dart                     Conjuration                  1
   b - Searing Ray                    Conjuration                  2
   c - Dazzling Spray                 Conjuration/Hexes            3
   d - Fulminant Prism                Conjuration/Hexes            4
   e - Iskenderun's Mystic Blast      Conjuration                  4
   f - Iskenderun's Battlesphere      Conjuration/Charms           5
 s - an Akashic Record

   Spells                             Type                      Level
   a - Dispersal                      Translocation                6
   b - Malign Gateway                 Summoning/Translocation      7
   c - Disjunction                    Translocation                8
   d - Controlled Blink               Translocation                8
 u - a book of Necromancy

   Spells                             Type                      Level
   a - Pain                           Necromancy                   1
   b - Animate Skeleton               Necromancy                   1
   c - Vampiric Draining              Necromancy                   3
   d - Regeneration                   Charms/Necromancy            3
   e - Animate Dead                   Necromancy                   4
   f - Control Undead                 Necromancy                   4
Comestibles
 c - 4 bread rations


   Skills:
 + Level 2.8 Fighting
 + Level 1.1 Staves
 + Level 2.4 Armour
 * Level 6.0 Dodging
 + Level 4.9 Stealth
 + Level 3.1 Shields
 * Level 6.7 Spellcasting
 * Level 6.6 Conjurations
 + Level 4.1 Hexes
 + Level 2.0 Charms
 + Level 3.2 Necromancy
 + Level 2.6 Invocations
 + Level 3.4 Evocations


You had 3 spell levels left.
You knew the following spells:

 Your Spells              Type           Power        Failure   Level  Hunger
a - Magic Dart            Conj           ####         1%          1    None
b - Searing Ray           Conj           #####.       1%          2    None
c - Dazzling Spray        Conj/Hex       #####...     1%          3    None
d - Iskenderun's Mystic   Conj           #####...     4%          4    ###....
e - Fulminant Prism       Conj/Hex       #####.....   6%          4    ###....
f - Pain                  Necr           ####         1%          1    None
g - Regeneration          Chrm/Necr      ###.......   6%          3    None


Dungeon Overview and Level Annotations

Branches:
Dungeon (8/15)             Temple (0/1) D:7
   Lair: D:8-11

Altars:
Ashenzari
Cheibriados
Dithmenos
Elyvilon
Fedhas
Gozag
Makhleb
Nemelex Xobeh
Sif Muna
The Shining One

Shops:
D:5 ?

Annotations:
D:8 M4edhros's ghost, novice OpAr


Innate Abilities, Weirdness & Mutations

You have a pair of small antennae on your head.
You have sharp toenails.
Your mind is acute. (Int +2)
Your flesh is heat resistant.


Message History

The killer bee stings you.
A killer bee comes into view.
There is an open door, spattered with blood here.
The wyvern closely misses you.
M4edhros's ghost shrieks, "You will join me soon!"
Casting: Magic Dart
Confirm with . or Enter, or press ? or * to list all spells.
Aiming: Dazzling Spray
Press: ? - help, Shift-Dir - straight line, f/p - orc warrior
Aim: an orc warrior, wielding a war axe and wearing a plate armour (heavily wounded)
The spray of energy hits the wyvern.
The wyvern is lightly wounded.
The wyvern is dazzled.
The killer bee buzzes angrily.
The wyvern bites you! The wyvern bites you.
* * * LOW HITPOINT WARNING * * *
Unknown command.
An orc priest and an orc wizard come into view.
The wyvern bites you!
You die...

#.# #.# #. #.#.# o#
#o#.# .. #.#.# o##
#.#.# ...
###.#.#####.#####.#
#......o.y........#
#......####@#
#.....y'W.l.#
#.....y######
#......# #......#
#y##'### #. #.. ..
#.. .# #.#


You could see an orc warrior, a wyvern (blind), 3 killer bees, an orc priest
(wandering), an orc wizard (wandering) and M4edhros's ghost.

Vanquished Creatures
  A hungry ghost (D:7)
  2 hippogriffs
  Menkaure (D:6)
  A black bear (D:7)
  An ice beast (D:6)
  A sky beast (D:7)
  2 ogres
  A phantom (D:3)
  A big kobold (D:4)
  A gnoll sergeant (D:5)
  2 giant frogs
  Blork the orc (D:4)
  3 crimson imps
  3 jellies
  5 orc priests
  A gnoll shaman (D:5)
  7 orc wizards
  2 giant frog skeletons
  An iguana (D:7)
  5 worker ants
  2 worker ant zombies (D:5)
  15 gnolls
  6 adders
  A shadow imp (D:8)
  3 oozes
  An adder zombie (D:5)
  2 adder skeletons
  3 worms
  4 giant geckos
  21 orcs
  5 bats
  6 giant cockroaches
  5 goblins
  7 hobgoblins
  6 jackals
  3 quokkas
  A ball python (D:7)
  A giant cockroach zombie (D:5)
  A giant gecko zombie (D:5)
  6 giant newts
  A jackal skeleton (D:4)
  26 kobolds
  A quokka zombie (D:8)
  4 rats
  A plant (D:4)
174 creatures vanquished.

Vanquished Creatures (others)
  An orc warrior (D:7)
1 creature vanquished.

Grand Total: 175 creatures vanquished

Notes
Turn   | Place    | Note
--------------------------------------------------------------
     0 | D:1      | Kidiri the Deep Elf Conjurer began the quest for the Orb.
     0 | D:1      | Reached XP level 1. HP: 10/10 MP: 6/6
    81 | D:1      | Found a sparkling altar of Nemelex Xobeh.
   199 | D:1      | Reached XP level 2. HP: 13/15 MP: 0/8
   286 | D:1      | Learned a level 2 spell: Searing Ray
   715 | D:2      | You fall through a shaft!
   905 | D:3      | Reached XP level 3. HP: 19/19 MP: 4/9
  1014 | D:3      | Gained mutation: Your mind is acute. (Int +2) [potion of beneficial mutation]
  1047 | D:3      | Noticed a phantom
  1281 | D:2      | Found a glowing golden altar of the Shining One.
  1401 | D:2      | Reached skill level 1 in Evocations
  1406 | D:2      | Learned a level 3 spell: Dazzling Spray
  1620 | D:2      | Reached skill level 1 in Shields
  1620 | D:2      | Reached XP level 4. HP: 24/24 MP: 4/11
  1626 | D:2      | Learned a level 4 spell: Iskenderun's Mystic Blast
  2359 | D:3      | Found a white marble altar of Elyvilon.
  2405 | D:3      | Reached skill level 1 in Fighting
  2405 | D:3      | Reached skill level 1 in Hexes
  2720 | D:3      | Killed a phantom
  2720 | D:3      | Reached XP level 5. HP: 15/29 MP: 0/13
  3222 | D:2      | Reached skill level 1 in Armour
  3293 | D:4      | Reached skill level 5 in Conjurations
  3860 | D:4      | Reached XP level 6. HP: 34/34 MP: 1/14
  4286 | D:4      | Noticed Blork the orc
  4292 | D:4      | Killed Blork the orc
  4733 | D:4      | Reached XP level 7. HP: 36/39 MP: 6/15
  4740 | D:4      | Learned a level 4 spell: Fulminant Prism
  4867 | D:4      | Learned a level 1 spell: Animate Skeleton
  5008 | D:4      | Found a shattered altar of Ashenzari.
  5528 | D:5      | Entered Level 5 of the Dungeon
  5647 | D:5      | Found a deep blue altar of Sif Muna.
  5650 | D:5      | Became a worshipper of Sif Muna the Loreminder
  6007 | D:5      | Reached skill level 5 in Spellcasting
  6213 | D:5      | Learned a level 1 spell: Pain
  6309 | D:5      | Found an opulent altar of Gozag.
  6524 | D:5      | Found Offauv's Magic Scroll Boutique.
  6529 | D:5      | Bought a scroll of identify for 28 gold pieces
  6529 | D:5      | Bought a scroll of identify for 28 gold pieces
  6803 | D:5      | Found a deep blue altar of Sif Muna.
  6890 | D:5      | Reached skill level 5 in Dodging
  6982 | D:5      | Reached skill level 1 in Invocations
  6982 | D:5      | Reached XP level 8. HP: 43/45 MP: 6/18
  7265 | D:6      | Reached skill level 1 in Necromancy
  7342 | D:6      | Learned a level 3 spell: Regeneration
  7798 | D:6      | Noticed Menkaure
  7804 | D:6      | Killed Menkaure
  8006 | D:7      | Reached skill level 6 in Spellcasting
  8006 | D:7      | Reached skill level 1 in Charms
  8061 | D:7      | Reached * piety under Sif Muna
  8111 | D:7      | Found a staircase to the Ecumenical Temple.
  8144 | D:7      | Found a blossoming altar of Fedhas.
  8279 | D:7      | Found a burning altar of Makhleb.
  8531 | D:7      | Found a shadowy altar of Dithmenos.
  8548 | D:7      | Reached XP level 9. HP: 42/49 MP: 2/20
  8686 | D:7      | Found a snail-covered altar of Cheibriados.
  9258 | D:8      | Noticed M4edhros's ghost (novice OpAr)
  9619 | D:7      | Reached skill level 1 in Staves
  9623 | D:7      | Gained mutation: You have sharp toenails. [mutagenic meat]
  9624 | D:7      | Gained mutation: You have a pair of small antennae on your head. [mutagenic meat]
  9625 | D:7      | Gained mutation: Your flesh is heat resistant. [mutagenic meat]
 10464 | D:8      | Slain by a wyvern

Vault maps used:
D:1:      erik_arrival_blinker_ship, nrook_uturn, roderic_whirl, nemelex_deck
D:2:      nicolae_tso_swordbearing_angel, first_bread
D:3:      elyvilon_altar_3
D:4:      kennysheep_kobold_camp, cheibrodos_ashenzari_chains, minivault_26,
          uniq_blork_the_orc
D:5:      overflow_temple_1_default, kennysheep_mini, serial_shops, shop_statue,
          tgw_sif
D:6:      uniq_menkaure
D:7:      lemuel_crystal_altar, grunt_dithmenos_smoke, makhleb_grotto_becter,
          temple_hall, fedhas_altar_2
D:8:      minmay_lair_entry_lava

Action                   |  1- 3 |  4- 6 |  7- 9 || total
-------------------------+-------+-------+-------++-------
Melee: Dagger            |    19 |    10 |       ||    29
       Short sword       |       |    10 |    69 ||    79
       Staff             |       |       |    34 ||    34
 Cast: Magic Dart        |    62 |    98 |   168 ||   328
       Searing Ray       |     1 |     7 |    13 ||    21
       Dazzling Spray    |       |    14 |    59 ||    73
       Iskenderun's Myst |       |     3 |     1 ||     4
       Pain              |       |       |     3 ||     3
       Animate Skeleton  |       |       |     1 ||     1
  Use: Scroll            |     4 |     4 |    13 ||    21
       Potion            |     1 |       |     2 ||     3
 Stab: Sleeping          |     3 |     2 |     3 ||     8
       Invisible         |       |       |     7 ||     7
  Eat: Chunk             |     2 |     3 |    12 ||    17
       Pizza             |       |     1 |     1 ||     2
       Meat ration       |       |     1 |       ||     1
       Beef jerky        |       |     1 |       ||     1
       Fruit             |       |       |     5 ||     5
       Bread ration      |       |       |     1 ||     1
